Map: Orbital Shipyard

Players

JazzK

  • Race: Terran Terran
  • League: Gold

LilDicky - Winner!

  • Race: Protoss Protoss
  • League: Diamond

VOD

http://www.twitch.tv/tumescentpie

Description

Time

  • Played on: Dec. 13, 2015, 9:37 p.m.
  • Length: 4:59
Show
View Real Time Build Order
Export as new Build Order

JazzK Terran 

Build Orders:  

Get SALT Encoding   

  12  0:01  SCV  
  13  0:13  SCV  
  14  0:18  Supply Depot  
  14  0:25  SCV  
  15  0:39  SCV  
  16  0:51  Barracks  
  16  0:52  SCV  
  17  0:58  Refinery  
  17  1:10  SCV  
  18  1:22  SCV  
  19  1:35  SCV  
  20  1:43  Command Center  
  19  1:48  SCV  
  20  2:00  Orbital Command  
  20  2:01  Marine  
  20  2:02  Supply Depot  
  21  2:10  Factory  
  21  2:17  Refinery  
  21  2:25  Marine  
  22  2:33  Engineering Bay  
  22  2:34  SCV  
  23  2:44  Marine  
  23  2:47  SCV  
  25  2:55  Orbital Command  
  25  2:59  SCV  
  25  3:03  Missile Turret  
  26  3:11  Missile Turret  
  26  3:12  SCV, Marine  
  28  3:14  Factory Tech Lab  
  28  3:30  Marine  
  27  3:41  Siege Tank  
  30  3:51  SCV x2  
  31  3:58  Command Center  
  31  4:09  SCV x2  
  33  4:18  Supply Depot  
  33  4:20  Supply Depot  
  32  4:40  SCV x2  
  32  4:41  Marine  
  32  4:44  Barracks  
  37  4:45  Barracks  
Show
View Real Time Build Order
Export as new Build Order

LilDicky Protoss - Winner!

Build Orders:  

Get SALT Encoding   

  12  0:14  Probe (Chrono Boost)  
  12  0:20  Pylon  
  13  0:25  Probe (Chrono Boost)  
  15  0:35  Probe (Chrono Boost)  
  15  0:40  Assimilator  
  15  0:52  Probe (Chrono Boost)  
  15  0:53  Gateway  
  16  1:03  Probe (Chrono Boost)  
  17  1:13  Probe (Chrono Boost)  
  18  1:23  Pylon  
  18  1:32  Probe (Chrono Boost)  
  18  1:43  Cybernetics Core  
  18  1:44  Pylon  
  18  1:47  Assimilator  
  18  1:49  Probe (Chrono Boost)  
  19  1:59  Probe (Chrono Boost)  
  20  2:20  Mothership Core (Chrono Boost)  
  22  2:37  Warp Gate (Chrono Boost)  
  22  2:38  Probe (Chrono Boost)  
  22  2:43  Gateway  
  23  2:45  Gateway  
  23  2:52  Pylon  
  23  2:59  Adept  
  25  3:09  Pylon  
  25  3:12  Pylon  
  25  3:14  Pylon  
  25  3:26  Pylon  
  25  3:38  Gateway  
  24  4:29  Adept x3  
Tags
 
Add a new tag
Caveats
  • Supply blocks, unpowered buildings, or Contaminate may cause inaccurate times.
  • Supply counts are checked every 10 seconds.